 Dungeon Sprint DCSS version 0.27-a0-1200-g94dc6ad4cf (webtiles) character file.

Game seed: 14297464689244865941

11951 night the Grappler (level 11, 0/114 (123) HPs)
             Began as a Troll Artificer on June 1, 2021.
             Was the Champion of Qazlal.
             Slain by an Executioner (2 damage)
             ... in the Dungeon (Sprint V: "Ziggurat Sprint").
             The game lasted 00:10:15 (749 turns).

night the Grappler (Troll Artificer)                 Turns: 749, Time: 00:10:15

HP:   0/114 (123)   AC: 22    Str: 35    XL:     11   Next: 56%
MP:   0/19          EV:  1    Int:  5    God:    Qazlal [******]
Gold: 0             SH: 36    Dex: 10    Spells: 10/10 levels left

rFire    + + +     SeeInvis .     - Unarmed
rCold    + + .     Faith    .   T - +10 tower shield of Ignorance {rN+ Int-4}
rNeg     + . .     Spirit   +   m - +5 gold dragon scales
rPois    +         Reflect  .   (helmet restricted)
rElec    .         Harm     .   (no cloak)
rCorr    .         Rampage  .   (gloves unavailable)
Will     .....     NoTele   +   (boots unavailable)
Stlth    ..........             U - amulet of guardian spirit
HPRegen  1.29/turn              G - +6 ring of strength
MPRegen  0.16/turn              N - ring of Bodily Harmony {Contam rPois rF++ rC+ Str+6}

@: weakened, protected from physical damage, drained, repel missiles
A: large, unfitting armour, claws 3, regeneration 1, shaggy fur 1, tough skin 1
a: Renounce Religion, Upheaval, Elemental Force, Disaster Area


You were in the Dungeon.
You worshipped Qazlal.
Qazlal was exalted by your worship.
You visited 1 branch

Inventory:

Hand Weapons
 K - the +7 Singing Sword {vorpal, sonic wave}
   (You found it in the Dungeon)

   It inflicts extra damage upon your enemies.
Armour
 l - a +3 tower shield
 m - +5 gold dragon scales (worn)
 n - +5 fire dragon scales
 J - the +18 shield of the Gong {rElec rN+ Will+ EV-5}
   (You found it in the Dungeon)

   It affects your evasion (-5).
   It insulates you from electricity.
   It protects you from negative energy.
   It increases your willpower.
 T - the +10 tower shield of Ignorance (worn) {rN+ Int-4}
   (You found it in the Dungeon)

   It affects your intelligence (-4).
   It protects you from negative energy.
Jewellery
 a - a ring of willpower
 b - a ring of ice
 r - the ring "Istriv Conti" {MP+9 Str+2}
   (You found it in the Dungeon)

   [ring of magical power]

   It affects your strength (+2).
   It affects your magic capacity (+9).
 B - a ring of positive energy
 C - a +6 ring of dexterity
 D - a +6 ring of dexterity
 E - a +6 ring of intelligence
 F - a +6 ring of intelligence
 G - a +6 ring of strength (left claw)
 H - a +6 ring of strength
 N - the ring of Bodily Harmony (right claw) {Contam rPois rF++ rC+ Str+6}
   (You found it in the Dungeon)

   [ring of strength]

   It affects your strength (+6).
   It greatly protects you from fire.
   It protects you from cold.
   It protects you from poison.
   It causes magical contamination when unequipped.
 O - a ring of willpower
 Q - a ring of see invisible
 U - an amulet of guardian spirit (around neck)
Wands
 c - a wand of flame (15) (quivered)
 d - a wand of charming (15)
 y - a wand of mindburst (7)
 z - a wand of iceblast (5)
 A - a wand of acid (6)
Scrolls
 k - 4 scrolls of blinking
 t - 4 scrolls of amnesia
 u - 7 scrolls of fog
 v - a scroll of holy word
 w - 5 scrolls of identify
 x - 2 scrolls of fear
 P - 4 scrolls of enchant weapon
Potions
 f - 10 potions of curing
 g - 7 potions of heal wounds
 h - 6 potions of haste
 i - 7 potions of magic
 j - 3 potions of berserk rage
 o - 2 potions of brilliance
 p - 2 potions of invisibility
 q - 4 potions of resistance
 s - 5 potions of might
Miscellaneous
 e - a piece from Xom's chessboard (15/15)
 I - a lightning rod (4/4)
 L - a phial of floods
 M - a tin of tremorstones (2/2)
 R - a condenser vane (inert)
 S - a phial of floods


   Skills:
 + Level 11.7 Fighting
 - Level 1.9 Dodging
 - Level 0.3 Stealth
 + Level 7.3 Shields
 + Level 14.1 Unarmed Combat
 + Level 12.2 Invocations
 + Level 11.4 Evocations


You had 10 spell levels left.
You didn't know any spells.
Your spell library contained the following spells:

 Spells                   Type           Power      Damage    Failure   Level
 Sandblast                Erth           0%         2d4       100%        1
 Passwall                 Tmut/Erth      0%         N/A       100%        2
 Static Discharge         Conj/Air       0%         N/A       100%        2
 Ignite Poison            Fire/Tmut/Pois 0%         N/A       100%        3
 Stone Arrow              Conj/Erth      0%         3d7       100%        3
 Petrify                  Tmut/Erth      0%         N/A       100%        4
 Fireball                 Conj/Fire      0%         3d3       100%        5
 Lee's Rapid Deconstruct  Erth           0%         3d5*      100%        5
 Lightning Bolt           Conj/Air       0%         1d11      100%        5
 Summon Forest            Summ/Tloc      0%         N/A       100%        5
 Summon Mana Viper        Hex/Summ       0%         N/A       100%        5
 Shadow Creatures         Summ           N/A        N/A       100%        6
 Starburst                Conj/Fire      0%         8x6d3     100%        6
 Summon Hydra             Summ           0%         N/A       100%        7
 Ignition                 Fire           0%         3d3       100%        8
 Shatter                  Erth           0%         3d5*      100%        9
 Tornado                  Air            0%         N/A       100%        9


Dungeon Overview and Level Annotations

Branches:
Dungeon (1/1)

Altars:
Ashenzari
Cheibriados
Dithmenos
Elyvilon
Fedhas
Gozag
Hepliaklqana
Kikubaaqudgha
Makhleb
Nemelex Xobeh
Okawaru
Qazlal
Ru
Sif Muna
Trog
Uskayaw
Vehumet
Wu Jian
Xom
Yredelemnul
Zin
The Shining One
Beogh
Jiyva
Lugonu


Innate Abilities, Weirdness & Mutations

You are too large for most types of armour.
You have claws for hands.
Your natural rate of healing is unusually fast.
You are covered in fur. (AC +1)
You have tough skin. (AC +1)


Message History

The Executioner is engulfed in freezing vapours.
You block the Executioner's attack. x3
The Executioner is engulfed in freezing vapours.
The Executioner hits you. You partially resist.
You feel drained.
The Executioner hits you but does no damage. x2
The Hell Sentinel hits you! You partially resist.
You feel drained.
The Hell Sentinel completely misses you.
The monstrous black sun is engulfed in freezing vapours.
The monstrous black sun hits you.
* * * LOW HITPOINT WARNING * * *
You partially resist.
You feel drained.
You block the monstrous black sun's attack.
The monstrous black sun gores you.
* * * LOW HITPOINT WARNING * * *
You partially resist.
You feel drained.
The Executioner hits you but does no damage. x3
The hellwing is engulfed in freezing vapours.
The Hell Sentinel hits you!
* * * LOW HITPOINT WARNING * * *
You feel your attacks grow feeble.
The Hell Sentinel hits you but does no damage.
The monstrous black sun is engulfed in freezing vapours.
The monstrous black sun hits you but does no damage.
The monstrous black sun claws you!
* * * LOW HITPOINT WARNING * * *
You feel more protected from physical attacks.
The monstrous black sun gores you but does no damage.
You scratch the Hell Sentinel but do no damage.
The Hell Sentinel is heavily wounded.
The Executioner is engulfed in freezing vapours.
You block the Executioner's attack. The Executioner hits you.
* * * LOW HITPOINT WARNING * * *
You feel more protected from physical attacks.
You feel as though you will be weak longer.
You block the Executioner's attack.
The Executioner is engulfed in freezing vapours.
You block the Executioner's attack.
The Executioner hits you but does no damage.
The Executioner hits you.
You die...

▓..).||}..▓
▓..||):)..▓...[)....▓
▓...○.)...▓.........▓
▓..☼.○....▓.........▓
▓..§§.)...▓.........▓
▓.........▓.........▓
▓.§°§°§○..▓|▓.....▓.▓
▓.§§116§..▓....©....▓
▓.§§4@§§..▓▓▓▓▓▓▓▓▓▓▓
▓▓▓▓▓▓▓▓▓▓▓


You could see a Hell Sentinel (fast, black mark), a monstrous black sun (fast,
black mark), an Executioner (fast, agile, black mark) and a hellwing (black
mark).

Vanquished Creatures
  A tentacled starspawn (D)
  A blood saint (D)
  A blizzard demon (D)
  A dancing weapon (D)
  A deep elf knight (D)
  2 large abominations (D)
  A deep elf archer (D)
  An orb spider (shapeshifter) (D)
  An orange demon (D)
  2 komodo dragons (D)
  A hellwing (D)
  A red devil (D)
  A merfolk (D)
  4 wind drakes (D)
  An air elemental (D)
  A wyvern (shapeshifter) (D)
  A yak (D)
  A human (shapeshifter) (D)
  A warg (shapeshifter) (D)
  A water moccasin (D)
  A necrophage (D)
  A centaur (D)
  3 phantoms (D)
  A small abomination (D)
  2 crimson imps (D)
  11 starcursed masses (D)
  A quasit (D)
  2 orc priests (D)
  3 iron imps (D)
  An orc wizard (D)
  An adder (D)
  2 river rats (D)
  A shadow imp (D)
  A white imp (D)
  2 ufetubi (D)
  2 adder skeletons (D)
  2 ball pythons (D)
  A bat skeleton (D)
  2 bat zombies (D)
  A jackal (D)
  A quokka skeleton (D)
  2 starspawn tentacles (D)
69 creatures vanquished.

Vanquished Creatures (others)
  A blood saint (D)
  A deep elf pyromancer (D)
  A starspawn tentacle (D)
3 creatures vanquished.

Grand Total: 72 creatures vanquished

Notes
Turn   | Place    | Note
-------+----------+-------------------------------------------
     0 | D        | night the Troll Artificer began the quest for the Orb.
     0 | D        | Reached XP level 1. HP: 18/18 MP: 0/0
     4 | D        | Found a blossoming altar of Fedhas.
     5 | D        | Found the +6 Majin-Bo {vamp, MP+6 Int+6}
     5 | D        | Found the +9 heavy crossbow "Sniper" {vorpal, Acc+∞ SInv}
     5 | D        | Found the +10 dark maul {vorpal}
     5 | D        | Found the +15 Maxwell's patent armour {-Cast -Tele rElec
                  | Will+ rCorr}
     5 | D        | Found the +18 shield of the Gong {rElec rN+ Will+ EV-5}
     5 | D        | Found the +14 obsidian axe {vorpal, Drain Fly SInv}
     5 | D        | Found the +7 great mace "Firestarter" {inner flame, rF++}
     5 | D        | Found the +6 shillelagh "Devastator" {shatter}
     5 | D        | Found the +11 plutonium sword {Contam Stlth-}
     5 | D        | Found the +8 lance "Wyrmbane" {slay drac, rPois rF+ rC+
                  | AC+3}
     5 | D        | Found the +9 sword of Zonguldrok {reap}
     5 | D        | Found the +13 scythe of Curses {drain, Drain}
     5 | D        | Found the +5 sword of Power {vorpal}
     5 | D        | Found the +7 mace of Variability {chain chaos}
     5 | D        | Found the +7 Singing Sword {vorpal, sonic wave}
     5 | D        | Found the +8 storm bow {elec, penet}
    22 | D        | Found a shimmering blue altar of Sif Muna.
    22 | D        | Found a sacrificial altar of Ru.
    22 | D        | Found a bloodstained altar of Trog.
    22 | D        | Found a stormy altar of Qazlal.
    22 | D        | Found an iron altar of Okawaru.
    22 | D        | Found a sparkling altar of Nemelex Xobeh.
    24 | D        | Found a transporter.
    24 | D        | Found an ancient bone altar of Kikubaaqudgha.
    24 | D        | Found a viscous altar of Jiyva.
    24 | D        | Found a corrupted altar of Lugonu.
    24 | D        | Found a hazy altar of Hepliaklqana.
    24 | D        | Found a burning altar of Makhleb.
    24 | D        | Found an opulent altar of Gozag.
    74 | D        | Became a worshipper of Qazlal Stormbringer
    87 | D        | Reached skill level 4 in Unarmed Combat
    87 | D        | Reached XP level 2. HP: 26/26 MP: 0/3
    88 | D        | Entered arena 2.
    88 | D        | Found a transporter.
   128 | D        | Got the ring "Istriv Conti" {MP+9 Str+2}
   134 | D        | Entered arena 3.
   134 | D        | Found a transporter.
   137 | D        | HP: 2/26 [orc priest/nerve-wracking pain (11)]
   141 | D        | Reached * piety under Qazlal
   142 | D        | Reached skill level 1 in Fighting
   142 | D        | Reached XP level 3. HP: 33/35 MP: 4/4
   148 | D        | Reached skill level 2 in Fighting
   148 | D        | Reached skill level 5 in Unarmed Combat
   153 | D        | Reached XP level 4. HP: 38/45 MP: 5/5
   166 | D        | Entered arena 4.
   166 | D        | Noticed a water moccasin
   166 | D        | Found a transporter.
   169 | D        | Reached ** piety under Qazlal
   170 | D        | Killed a water moccasin
   171 | D        | Reached skill level 6 in Unarmed Combat
   171 | D        | Reached skill level 5 in Evocations
   171 | D        | Reached XP level 5. HP: 54/55 MP: 6/6
   179 | D        | Got the ring of Bodily Harmony {Contam rPois rF++ rC+
                  | Str+6}
   189 | D        | Entered arena 5.
   189 | D        | Noticed an ogre
   189 | D        | Noticed a rime drake
   189 | D        | Noticed a human
   189 | D        | Noticed a wyvern
   189 | D        | Noticed a blink frog
   189 | D        | an ogre changed into a blink frog
   189 | D        | Found a transporter.
   192 | D        | Killed a wyvern
   192 | D        | Reached *** piety under Qazlal
   193 | D        | Reached skill level 5 in Fighting
   193 | D        | Reached skill level 7 in Unarmed Combat
   193 | D        | Reached XP level 6. HP: 62/66 MP: 6/8
   193 | D        | Noticed a warg
   193 | D        | a blink frog changed into a warg
   198 | D        | Noticed an acid dragon
   198 | D        | a rime drake changed into an acid dragon
   198 | D        | Noticed an orb spider
   198 | D        | a human changed into an orb spider
   203 | D        | Noticed a human
   203 | D        | an acid dragon changed into a human
   205 | D        | HP: 7/66 [warg (shapeshifter) (13)]
   208 | D        | Killed a warg
   209 | D        | Reached skill level 8 in Unarmed Combat
   209 | D        | Reached skill level 5 in Invocations
   210 | D        | Killed a human
   211 | D        | Reached XP level 7. HP: 39/75 MP: 7/10
   211 | D        | Killed an orb spider
   212 | D        | Reached skill level 9 in Unarmed Combat
   274 | D        | Entered arena 6.
   274 | D        | Noticed a +2 vorpal glaive
   274 | D        | Noticed a deep elf pyromancer
   274 | D        | Noticed a deep elf archer
   274 | D        | Noticed an air elemental
   274 | D        | Noticed a deep elf knight
   274 | D        | Found a transporter.
   277 | D        | Killed a deep elf knight
   277 | D        | Killed a deep elf pyromancer
   278 | D        | Reached skill level 10 in Unarmed Combat
   278 | D        | Reached XP level 8. HP: 60/88 MP: 11/13
   278 | D        | Killed a deep elf archer
   278 | D        | Reached **** piety under Qazlal
   279 | D        | Killed an air elemental
   280 | D        | Reached XP level 9. HP: 45/97 MP: 11/14
   282 | D        | Killed a +2 vorpal glaive
   283 | D        | Reached skill level 11 in Unarmed Combat
   323 | D        | Entered arena 7.
   323 | D        | Noticed a komodo dragon
   323 | D        | Noticed a komodo dragon
   324 | D        | Reached ***** piety under Qazlal
   330 | D        | Killed a komodo dragon
   334 | D        | Killed a komodo dragon
   335 | D        | Found a transporter.
   362 | D        | Entered arena 8.
   362 | D        | Noticed a wind drake
   362 | D        | Noticed a wind drake
   362 | D        | Noticed a merfolk
   362 | D        | Noticed a wind drake
   362 | D        | Noticed a wind drake
   365 | D        | Killed a wind drake
   366 | D        | Reached skill level 1 in Shields
   366 | D        | Killed a wind drake
   367 | D        | Found a transporter.
   369 | D        | Killed a wind drake
   370 | D        | Reached skill level 2 in Shields
   373 | D        | Killed a merfolk
   374 | D        | Reached skill level 12 in Unarmed Combat
   374 | D        | Reached skill level 10 in Invocations
   374 | D        | Reached XP level 10. HP: 31/109 MP: 2/16
   471 | D        | Entered arena 9.
   471 | D        | Noticed a starcursed mass
   471 | D        | Noticed a tentacled starspawn
   472 | D        | Found the +10 tower shield of Ignorance {rN+ Int-4}
   475 | D        | Found a transporter.
   476 | D        | Paralysed by accursed screaming for 1 turns
   478 | D        | Reached ****** piety under Qazlal
   480 | D        | Killed a tentacled starspawn
   481 | D        | Reached skill level 10 in Fighting
   481 | D        | Reached skill level 10 in Evocations
   482 | D        | Killed a starcursed mass
   485 | D        | Killed a starcursed mass
   487 | D        | Killed a starcursed mass
   492 | D        | Killed a starcursed mass
   559 | D        | Entered arena 10.
   573 | D        | Reached skill level 5 in Shields
   587 | D        | Found a transporter.
   611 | D        | Entered arena 11.
   611 | D        | Noticed a large abomination
   611 | D        | Noticed a large abomination
   611 | D        | Noticed a starcursed mass
   624 | D        | Paralysed by accursed screaming for 1 turns
   625 | D        | Killed a large abomination
   626 | D        | Reached skill level 13 in Unarmed Combat
   626 | D        | Paralysed by accursed screaming for 2 turns
   629 | D        | Killed a large abomination
   630 | D        | Reached XP level 11. HP: 42/119 MP: 5/18
   636 | D        | Killed a starcursed mass
   646 | D        | Killed a starcursed mass
   657 | D        | Found a transporter.
   737 | D        | Entered arena 12.
   737 | D        | Noticed a blizzard demon
   737 | D        | Noticed a torturous blood saint
   737 | D        | Noticed a monstrous black sun
   737 | D        | Noticed a torturous blood saint
   737 | D        | Noticed a Hell Sentinel
   738 | D        | Noticed an Executioner
   741 | D        | Killed a blizzard demon
   741 | D        | Killed a torturous blood saint
   741 | D        | Killed a torturous blood saint
   742 | D        | Reached skill level 14 in Unarmed Combat
   742 | D        | Reached skill level 12 in Invocations
   748 | D        | HP: 7/114 [monstrous black sun (12)]
   749 | D        | HP: 2/114 [Executioner (6)]
   749 | D        | Slain by an Executioner

Illustrated notes

Levels and vault maps discovered:
D:        sprint_v [room_start, room_1, room_2, room_3, room_4, room_5, room_6,
          room_7, room_8, room_9, room_10, room_11, room_12, room_13, room_14,
          room_15, room_16, room_17, room_18, room_19, room_20, room_21,
          room_22, room_23, room_24, room_25, room_26, room_27]

Skill      XL: |  1  2  3  4  5  6  7  8  9 10 11 |
---------------+----------------------------------+-----
Unarmed Combat | 4 5 6 7 8 10 12 13 14 | 14.1
Invocations    | 3 4 5 8 10 11 12 | 12.2
Evocations     | 3 4 5 6 7 8 9 10 11 | 11.4
Fighting       | 1 3 4 5 6 8 9 10 11 | 11.7
Shields        | 2 5 7 |  7.3
Dodging        | |  1.9
Stealth        | |  0.3

Action                   |  1- 3 |  4- 6 |  7- 9 | 10-12 || total
-------------------------+-------+-------+-------+-------++-------
Melee: Unarmed           |    21 |    27 |    17 |    85 ||   150
       Punch             |     1 |       |     1 |       ||     2
Invok: Upheaval          |       |       |     4 |     2 ||     6
       Disaster Area     |       |       |       |     1 ||     1
Evoke: Piece from Xom's  |     1 |       |       |       ||     1
       Wand              |       |     1 |     2 |       ||     3
       Lightning rod     |       |       |     4 |     1 ||     5
       Condenser vane    |       |       |       |     3 ||     3
  Use: Potion            |     2 |     1 |       |     1 ||     4
Armor: Gold dragon scale |    22 |    23 |    15 |    66 ||   126
Dodge: Dodged            |     4 |     7 |     1 |     4 ||    16
Block: Other             |       |     5 |     4 |       ||     9
       Tower shield      |       |       |    10 |   133 ||   143

Table legend: (Time is in decaauts)
 A = Elapsed time spent in this place.
 B = Non-inter-level travel time spent in this place.
 C = Inter-level travel time spent in this place.
 D = Time resting spent in this place.
 E = Time spent auto-exploring this place.
 F = Levels seen in this place.
 G = Mean time per level.
                   A        B        C        D        E       F      G
               +--------+--------+--------+--------+--------+-----+--------+
         Total |    748 |    748 |      0 |    259 |     16 |   1 |  748.0 |
       Dungeon |    748 |    748 |      0 |    259 |     16 |   1 |  748.0 |
               +--------+--------+--------+--------+--------+-----+--------+

Top non-repeatable levels by time:
       D: 748 daAuts
